 Dungeon Crawl Stone Soup version 0.18.1-48-g4cf74bf (webtiles) character file.

1025328 Peloso the Minotaur Barricade (level 27, -3/273 HPs)
             Began as a Minotaur Fighter on Aug 20, 2016.
             Was the Champion of Okawaru.
             Killed by divine providence
             ... invoked by a smoke demon
             ... summoned by an orc high priest
              (12 damage)
             ... on level 16 of a ziggurat on Aug 21, 2016.
             The game lasted 10:05:23 (138736 turns).

Peloso the Minotaur Barricade (Minotaur Fighter)  Turns: 138736, Time: 10:05:23

Health: -3/273     AC: 70    Str: 41    XL:     27
Magic:  0/37       EV: 40    Int:  1    God:    Okawaru [******]
Gold:   7371       SH: 32    Dex: 27    Spells: 1 memorised, 38 levels left

rFire  + + +     SeeInvis +     a - +9 scimitar of Success {freeze, rN+ MR+ SInv Stlth+}
rCold  . . .     Gourm    .     Z - +16 crystal plate armour of the Skies Above {MR++ Str+8 Int-5}
rNeg   + + +     Faith    .     M - +2 shield {AC+3}
rPois  +         Spirit   +     R - +2 hat of the Bear Spirit {Spirit, +Rage rN+ MR++}
rElec  .         Dismiss  .     E - +0 cloak of Ladders and Snakes {rPois rF+++ rN+ MR-}
rCorr  +         Reflect  +     Y - +4 pair of gloves of Limit {rCorr Str-2 Dex+6 Stlth+}
SustAt +         Harm     .     e - +2 pair of boots {Fly}
MR     +++++                    O - brooch of Shielding {Reflect SH+8}
Stlth  ++........               h - +5 ring of protection
                                t - ring of the Octopus King {SustAt AC+1 EV+1 Str+1 Int+1 Dex+1}

@: mighty, agile, heroism, very slightly contaminated, hasted, studying Staves,
very quick, almost entirely resistant to hostile enchantments, unstealthy
A: retaliatory headbutt, horns 2, screaming 1
a: Heroism, Finesse, Renounce Religion, Evoke Berserk Rage, Evoke Flight
}: 6/15 runes: decaying, slimy, silver, golden, icy, gossamer


You were on level 16 of a ziggurat.
You worshipped Okawaru.
Okawaru was exalted by your worship.
You were not hungry.

You visited 16 branches of the dungeon, and saw 73 of its levels.
You visited the Abyss 2 times.
You visited 1 ziggurat, and saw 16 of its levels.
You also visited: Ice Cave and Volcano.

You collected 13772 gold pieces.
You spent 6401 gold pieces at shops.

Inventory:

Hand Weapons
 a - the +9 scimitar of Success (weapon) {freeze, rN+ MR+ SInv Stlth+}
   (Okawaru gifted it to you on level 8 of the Lair of Beasts)

   It has been specially enchanted to freeze those struck by it, causing extra
   injury to most foes and up to half again as much damage against particularly
   susceptible opponents.
   It can also slow down cold-blooded creatures.
   It protects you from negative energy.
   It affects your resistance to hostile enchantments.
   It lets you see invisible.
   It makes you more stealthy.
 c - the +3 long sword "Gebaebicw" {freeze, +Fly rPois MR+ MP-9}
   (Okawaru gifted it to you on level 4 of Cocytus)

   It has been specially enchanted to freeze those struck by it, causing extra
   injury to most foes and up to half again as much damage against particularly
   susceptible opponents.
   It can also slow down cold-blooded creatures.
   It protects you from poison.
   It affects your resistance to hostile enchantments.
   It affects your magic capacity (-9).
   It lets you fly.
 w - the +10 sword of Jihad {holy, *Rage rN+ EV+3 Stlth-}
   (Okawaru gifted it to you on level 4 of the Swamp)

   It has been blessed by the Shining One to cause great damage to the undead
   and demons.
   It affects your evasion (+3).
   It protects you from negative energy.
   It may make you go berserk in combat.
   It makes you less stealthy.
 y - the +13 sword of the Doom Knight {pain, -Cast MR+}
   (Okawaru gifted it to you on level 5 of Cocytus)

   In the hands of one skilled in necromantic magic, it inflicts extra damage on
   living creatures.
   It affects your resistance to hostile enchantments.
   It prevents spellcasting.
 V - a +9 double sword of draining
Armour
 d - a +14 crystal plate armour
 e - a +2 pair of boots of flying (worn)
 j - the +3 cloak of Anaesthesia {rC++ Int+4 Slay+2}
   (Okawaru gifted it to you on level 6 of the Lair of Beasts)

   It affects your intelligence (+4).
   It affects your accuracy and damage with ranged weapons and melee attacks
   (+2).
   It greatly protects you from cold.
 k - the +2 hat of Reosopei {+Fly rElec rPois rF+}
   (Okawaru gifted it to you on level 5 of the Vaults)

   It protects you from fire.
   It insulates you from electricity.
   It protects you from poison.
   It lets you fly.
 n - a +2 shield of resistance
 o - a +0 pair of boots of running
 A - the +1 cloak "Ishroseni" {rPois rC- Regen+ rCorr}
   (Okawaru gifted it to you on level 7 of Cocytus)

   It makes you vulnerable to cold.
   It protects you from poison.
   It increases your rate of regeneration.
   It protects you from acid and corrosion.
 E - the +0 cloak of Ladders and Snakes (worn) {rPois rF+++ rN+ MR-}
   (You found it on level 14 of a ziggurat)

   It renders you almost immune to fire.
   It protects you from poison.
   It protects you from negative energy.
   It affects your resistance to hostile enchantments.
 M - a +2 shield of protection (worn)
 N - the +3 crown of Dyrovepreva {rElec Int+2 SInv}
   (You bought it in a shop on level 3 of the Vaults)

   It affects your intelligence (+2).
   It insulates you from electricity.
   It lets you see invisible.
 R - the +2 hat of the Bear Spirit (worn) {Spirit, +Rage rN+ MR++}
   (You found it on level 4 of the Vaults)

   It protects you from negative energy.
   It affects your resistance to hostile enchantments.
   It lets you go berserk.
 S - a +1 gold dragon armour
 Y - the +4 pair of gloves of Limit (worn) {rCorr Str-2 Dex+6 Stlth+}
   (Okawaru gifted it to you on level 13 of a ziggurat)

   It affects your strength (-2).
   It affects your dexterity (+6).
   It protects you from acid and corrosion.
   It makes you more stealthy.
 Z - the +16 crystal plate armour of the Skies Above (worn) {MR++ Str+8 Int-5}
   (You found it on level 8 of a ziggurat)

   It affects your strength (+8).
   It affects your intelligence (-5).
   It affects your resistance to hostile enchantments.
Jewellery
 h - a +5 ring of protection (right hand)
 t - a ring of the Octopus King (left hand) {SustAt AC+1 EV+1 Str+1 Int+1 Dex+1}
   (You found it on level 6 of a ziggurat)

   [ring of sustain attributes]

   It sustains your strength, intelligence and dexterity.
   It affects your AC (+1).
   It affects your evasion (+1).
   It affects your strength (+1).
   It affects your intelligence (+1).
   It affects your dexterity (+1).
 B - the amulet of the Fifty Runes {Gourm MR++}
   (You found it on level 3 of the Tomb of the Ancients)

   [amulet of the gourmand]

   It allows you to eat raw meat even when not hungry.
   It affects your resistance to hostile enchantments.
 O - the brooch of Shielding (around neck) {Reflect SH+8}
   (You took it off a tengu reaver on level 5 of the Vaults)

   [amulet of reflection]

   It shields you and reflects attacks.
   It affects your SH (+8).
Wands
 q - a wand of heal wounds (0/9)
 u - a wand of teleportation (5/9)
 z - a wand of disintegration (11/24)
 Q - a wand of digging (1/24)
Scrolls
 b - 11 scrolls of blinking
 i - 31 scrolls of remove curse
 l - 2 scrolls of summoning
 v - 12 scrolls of identify
 x - a scroll of silence
 G - 9 scrolls of fear
 J - 21 scrolls of teleportation
 K - 13 scrolls of magic mapping
 P - 12 scrolls of recharging
 X - 5 scrolls of enchant weapon
Potions
 g - 8 potions of agility
 m - 7 potions of haste
 p - 15 potions of curing
 r - 8 potions of resistance
 s - 2 potions of invisibility
 C - 2 potions of heal wounds
 D - 2 potions of might
 F - 3 potions of cure mutation
Books
 H - a manual of Staves
 U - a book of Spatial Translocations

   Spells                             Type                      Level
   a - Apportation                    Translocation                1
   b - Blink                          Translocation                2
   c - Shroud of Golubria             Charms/Translocation         2
   d - Portal Projectile              Translocation                3
   e - Teleport Other                 Translocation                3
   f - Passage of Golubria            Translocation                4
Comestibles
 f - 36 bread rations
 I - a beef jerky
 T - 6 royal jellies
 W - a slice of pizza


   Skills:
 O Level 27 Fighting
 O Level 27 Long Blades
 + Level 3.9(8.9) Staves
 + Level 3.8(8.8) Throwing
 O Level 27 Armour
 O Level 27 Dodging
 + Level 12.6(17.6) Stealth
 O Level 27 Shields
 + Level 4.0(9.0) Unarmed Combat
 + Level 9.1 Spellcasting
 + Level 10.5 Transmutations
 + Level 9.6 Earth Magic
 + Level 23.1 Invocations
 + Level 16.6 Evocations


You had 38 spell levels left.
You knew the following spells:

 Your Spells              Type           Power        Failure   Level  Hunger
a - Statue Form           Trmt/Erth      #........    100%        6    #######


Dungeon Overview and Level Annotations

Branches:
Dungeon (15/15)            Temple (1/1) D:6            Lair (8/8) D:11
  Swamp (4/4) Lair:6       Spider (4/4) Lair:5        Slime (6/6) Lair:6
    Orc (2/2) D:11            Elf (3/3) Orc:2        Vaults (5/5) D:13
  Crypt (3/3) Vaults:3       Tomb (3/3) Crypt:3      Depths (5/5) D:15
   Hell (1/1)                 Dis (1/7) Hell            Geh (0/7) Hell
    Coc (7/7) Hell            Tar (0/7) Hell            Zot (5/5) Depths:5

Altars:
Cheibriados
Dithmenos
Elyvilon
Fedhas
Gozag
Kikubaaqudgha
Makhleb
Nemelex Xobeh
Okawaru
Pakellas
Qazlal
Ru
Sif Muna
Trog
Vehumet
Xom
Yredelemnul
Zin
The Shining One
Beogh
Jiyva

Shops:
D:4 [   D:7 (   D:9 *[   D:14 :}%[   Orc:2 [:%%   Vaults:2 =   Vaults:3 ??}[!
Vaults:4 =   Depths:1 %!   Depths:2 (   Depths:4 [

Portals:
Hell: Depths:1 Depths:2 Depths:3 Depths:4 Depths:5
Abyss: Depths:1 Depths:2 Depths:4
Pandemonium: Orc:2 Depths:3

Annotations:
Dis:1 7 runed doors


Innate Abilities, Weirdness & Mutations

You reflexively headbutt those who attack you in melee.
You have a pair of horns on your head.
You occasionally shout uncontrollably at your foes.


Message History

The juggernaut is lightly wounded.
The smoke demon gestures at you. Beogh smites you!
* * * LOW HITPOINT WARNING * * *
Unknown command.
You slice the juggernaut!! You freeze the juggernaut.
The juggernaut is moderately wounded.
You block the orc warlord's attack.
The orc high priest intones a terrible prayer.
The orc high priest calls down the wrath of Beogh upon you.
Beogh smites you!
* * * LOW HITPOINT WARNING * * *
You slash the juggernaut! You freeze the juggernaut.
You headbutt the juggernaut!
The juggernaut is moderately wounded.
You block the juggernaut's attack. The juggernaut hits you!
* * * LOW HITPOINT WARNING * * *
The smoke demon gestures at you. Beogh smites you!
You die...

5ooOT.o...........▓
o44C............▓
..#o#†...4C......▓
..#.....o3.....∩▓
...#.#.4..o.oC....▓
o.oo.......33.....▓
.......3.4TCo433..▓
.........oo3.oCo..▓
.........444o4hC@.▓
.........3▓▓▓▓▓▓▓▓▓
..........▓
..........▓
..........▓
.........▓
........▓ ▓▓▓▓▓▓▓


You could see 4 juggernauts, 2 orc warlords, a stone giant, 4 orc high priests,
a sun demon, 2 orange demons, 3 ice devils, 2 rust devils, a troll, 5 smoke
demons, a chaos spawn, a warg, an orc sorcerer and 2 orc warriors.

Vanquished Creatures
  Antaeus (Coc:7)
  Dissolution (Slime:4)
  the Royal Jelly (Slime:6)
  5 orbs of fire (Zot:5)
  Khufu (Tomb:3)
  Mennas (Vaults:3)
  12 ancient liches
  6 juggernauts
  37 greater mummies
  Boris (Vaults:5)
  the Lernaean hydra (Swamp:4)
  37 shard shrikes
  4 Killer Klowns
  A curse toe (Zot:3)
  A caustic shrike (Zig:14)
  Saint Roka (Depths:3)
  Geryon (Hell)
  13 golden dragons
  9 bone dragons
  Xtahua (Vaults:5)
  An iron giant (Dis:1)
  Nikola (Swamp:3)
  2 Brimstone Fiends
  Jorgrun (Vaults:1)
  3 electric golems (Zot:5)
  6 pandemonium lords
  8 liches
  A hellephant (Coc:1)
  16 tentacled monstrosities
  25 Orb Guardians (Zot:5)
  A Hell Sentinel (Zig:4)
  Asterion (Elf:1)
  24 Ice Fiends
  3 quicksilver dragons
  5 titans (Vaults:5)
  3 deep elf blademasters
  33 acid blobs
  5 eldritch tentacles
  17 sphinxes
  An ancient champion (Crypt:1)
  An Executioner (Zig:13)
  A sphinx (shapeshifter) (Zig:13)
  A tentacled starspawn (Abyss:3)
  Kirke (Swamp:3)
  5 death cobs
  Gastronok (Lair:2)
  Murray (Depths:1)
  Agnes (Elf:1)
  13 tengu reavers
  4 thorn hunters
  12 storm dragons
  11 shadow dragons
  Roxanne (Elf:2)
  11 azure jellies
  7 draconian monks
  4 revenants
  Wiglaf (Spider:4)
  Donald (D:12)
  4 draconian knights
  10 fire giants
  2 balrugs
  23 frost giants
  5 emperor scorpions
  2 orc warlords
  8 deep elf sorcerers
  Maud (Lair:5)
  Louise (Elf:1)
  20 vault wardens
  A cacodemon (Hell)
  8 draconian zealots
  A draconian scorcher (Zot:5)
  A frost giant (shapeshifter) (Zig:13)
  4 ghost moths
  4 iron dragons
  An angel (Depths:1)
  11 deep elf elementalists
  A war gargoyle (Hell)
  4 draconian shifters
  4 ghouls (Crypt:1)
  2 curse skulls (Crypt:3)
  A caustic shrike skeleton (Depths:1)
  34 very ugly things
  17 ironheart preservers
  5 draconian annihilators
  4 spriggan defenders
  44 reapers
  27 stone giants
  7 deep elf demonologists
  4 elemental wellsprings
  6 green draconians
  12 deep elf annihilators
  9 black draconians
  4 bennus
  9 vampire knights
  5 salamander stormcallers
  2 dire elephants (Zig:14)
  2 lorocyprocas
  8 spark wasps
  2 dire elephants (shapeshifter) (Zig:13)
  10 purple draconians
  5 yellow draconians
  Azrael (Elf:2)
  6 white draconians
  11 mottled draconians
  9 red draconians
  14 ettins
  14 eidola
  4 deep elf death magi
  32 mummy priests
  18 fire dragons
  A large abomination (Elf:3)
  25 blizzard demons
  3 merfolk impalers (Zig:15)
  A merfolk javelineer (Zig:15)
  10 death oozes
  2 quicksilver dragon zombies (Crypt:2)
  8 jiangshi
  A fire dragon (shapeshifter) (Vaults:4)
  35 vault guards
  10 great orbs of eyes
  17 yaktaur captains
  11 deep elf high priests
  12 entropy weavers
  14 rakshasas
  Harold (Lair:4)
  8 quicksilver dragon skeletons
  A kraken zombie (Coc:6)
  2 hell beasts
  4 ghost crabs
  A death knight (Vaults:5)
  33 hydras
  Erolcha (D:13)
  5 catoblepae
  10 spriggan air magi
  54 ice dragons
  Erica (D:11)
  10 centaur warriors
  17 ogre magi
  9 alligators
  17 death yaks
  A merfolk aquamancer (Zig:15)
  A queen ant (Lair:2)
  10 vampire magi
  A satyr (Zig:15)
  17 tengu warriors
  13 deep troll earth magi
  16 deep troll shamans
  11 orc high priests
  8 hell hogs
  33 dancing weapons
  A thrashing horror (Abyss:3)
  Urug (D:12)
  6 spriggan berserkers
  23 deep elf knights
  7 titan zombies
  A shock serpent (shapeshifter) (Elf:3)
  11 sun demons
  15 spriggans
  8 storm dragon zombies
  12 soul eaters
  A wretched star (Abyss:3)
  A fire crab (shapeshifter) (D:14)
  3 storm dragon skeletons
  9 titan skeletons
  9 hell knights
  15 death scarabs
  6 iron trolls
  2 shadow wraiths (Hell)
  4 golden dragon zombies
  7 sea snakes (Zig:15)
  2 spatial maelstroms (Abyss:5)
  A ghost moth zombie (Crypt:3)
  6 spriggan druids
  45 deep trolls
  2 small abominations (Elf:3)
  5 wizards
  9 giant orange brains
  An unseen horror (D:15)
  A swamp dragon (shapeshifter) (Depths:5)
  78 skeletal warriors
  A quicksilver dragon simulacrum (Crypt:3)
  2 flayed ghosts
  16 swamp dragons
  2 unseen horrors (shapeshifter)
  4 shadow dragon zombies
  A death drake (Zig:12)
  19 deep elf archers
  A putrid demonspawn (Orc:2)
  16 anaconda zombies
  9 anaconda skeletons
  4 shambling mangroves
  2 torturous demonspawn (Orc:2)
  A kraken simulacrum (Hell)
  An orange crystal statue (Zot:5)
  12 ironbrand convokers
  2 golden dragon skeletons
  9 hill giants
  32 phantasmal warriors
  A lindwurm (Zig:14)
  31 anubis guards
  A sphinx zombie (Vaults:5)
  17 harpies
  6 iron dragon zombies
  10 frost giant zombies
  11 wolf spider zombies
  20 orc knights
  24 orb spiders
  6 stone giant zombies
  51 wolf spiders
  32 ugly things
  2 shadow dragon skeletons
  A faun (shapeshifter) (Zig:10)
  9 shining eyes
  12 orc sorcerers
  7 manticores
  27 necromancers
  77 deep elf magi
  2 sixfirhies
  7 fire giant zombies
  2 hornets (shapeshifter)
  5 oklob plants
  9 griffons
  30 moths of wrath
  8 cyclopes
  5 dire elephant zombies
  8 fire giant skeletons
  2 black mambas (shapeshifter)
  2 black mambas (Zig:14)
  20 vault sentinels
  13 hornets
  2 shock serpent zombies
  A siren (Zig:15)
  18 rust devils
  A guardian serpent (shapeshifter) (Zig:13)
  A water nymph (Zig:15)
  4 stone giant skeletons
  6 iron dragon skeletons
  A naga mage (Vaults:4)
  Psyche (D:8)
  4 frost giant skeletons
  35 spiny frogs
  4 ice statues
  5 eyes of devastation
  3 storm dragon simulacra
  A smoke demon (Abyss:3)
  4 apocalypse crabs
  3 centaur skeletons
  4 gargoyles
  3 torpor snails
  11 elephants
  2 swamp worm zombies (Crypt:2)
  71 freezing wraiths
  6 kobold demonologists
  An efreet (Volcano)
  8 redback zombies (Spider:2)
  5 dire elephant skeletons
  3 orange demons
  A hellion (D:15)
  7 rime drakes
  7 komodo dragons
  57 yaktaurs
  3 emperor scorpion zombies
  9 tengu conjurers
  A komodo dragon (shapeshifter) (D:14)
  An anaconda simulacrum (Coc:5)
  A yaktaur (shapeshifter) (Depths:5)
  A purple draconian skeleton (Crypt:2)
  A spark wasp simulacrum (Depths:3)
  50 guardian mummies
  15 hellwings
  5 trolls
  46 jumping spiders
  5 harpy zombies
  25 tormentors
  64 ice devils
  30 hydra zombies
  19 demonic crawlers
  9 red devils
  A giant leech (shapeshifter) (Zig:10)
  A jumping spider (shapeshifter) (Depths:3)
  A golden dragon simulacrum (Depths:3)
  A death drake zombie (Crypt:1)
  A queen bee (shapeshifter) (Elf:1)
  2 slime creatures (shapeshifter)
  A catoblepas skeleton (Coc:1)
  A polar bear (shapeshifter) (Zig:10)
  7 merfolk (Zig:15)
  A raiju (Abyss:5)
  A wolf spider simulacrum (IceCv)
  20 ushabtiu
  Grinder (D:5)
  A minotaur skeleton (Crypt:2)
  Prince Ribbit (D:7)
  12 hydra skeletons
  21 two-headed ogres
  10 giant leeches
  6 tarantella zombies (Spider:2)
  15 alligator zombies
  3 harpy skeletons
  A wind drake (Zig:15)
  23 blink frogs
  A stone giant simulacrum (Coc:2)
  6 fire dragon zombies
  12 bog bodies
  7 ettin zombies
  168 slime creatures
  2 frost giant simulacra
  6 boulder beetles
  2 fire giant simulacra
  2 spriggan zombies
  5 snapping turtles (Zig:15)
  A redback (shapeshifter) (Elf:2)
  122 flying skulls
  18 air elementals
  A black mamba zombie (Coc:4)
  33 tarantellas
  A dire elephant simulacrum (Coc:6)
  Sigmund (D:2)
  117 redbacks
  25 wraiths
  2 ynoxinuls
  2 ettin skeletons
  13 shadows
  6 ice dragon zombies
  7 alligator skeletons
  22 water elementals
  4 ice dragon skeletons
  A yak (shapeshifter) (Depths:2)
  8 fire dragon skeletons
  2 vampires
  Eustachio (D:4)
  3 black mamba skeletons (Crypt:3)
  47 yaks
  18 golden eyes
  2 hogs (shapeshifter)
  16 humans (D:12)
  5 hungry ghosts
  2 basilisks
  7 wyverns
  18 fire elementals
  A hog (Swamp:3)
  A steam dragon (D:14)
  A neqoxec (Abyss:3)
  20 vampire mosquitoes
  12 hippogriffs
  3 chaos spawn
  An emperor scorpion simulacrum (Coc:2)
  A yaktaur simulacrum (Depths:1)
  10 insubstantial wisps
  A naga (shapeshifter) (Depths:2)
  2 wargs
  2 deep troll zombies
  A mottled dragon (D:14)
  15 swamp worms
  10 soldier ants
  19 water moccasins
  A hydra simulacrum (Coc:5)
  7 spatial vortices
  12 hell hounds
  22 spiny frog zombies
  14 porcupines
  24 ice beasts
  4 sky beasts
  19 swamp drakes
  75 orc warriors
  4 snapping turtle zombies
  4 spiny frog skeletons
  68 ogres
  An alligator simulacrum (Coc:1)
  22 wasps
  6 human zombies
  A black bear (D:8)
  3 eyes of draining
  3 phantoms
  A lindwurm zombie (Crypt:2)
  An eye of draining (shapeshifter) (Zig:10)
  2 necrophages
  20 centaurs
  5 boggarts (Depths:1)
  4 wolves
  3 manticore zombies
  An elf zombie (Vaults:2)
  An elf skeleton (Vaults:5)
  20 crocodiles
  8 snapping turtle skeletons
  3 human skeletons
  A hog skeleton (Crypt:1)
  7 big kobolds
  3 earth elementals
  24 giant frogs
  5 spiny frog simulacra
  6 wyvern skeletons (Crypt:3)
  A scorpion (shapeshifter) (Depths:2)
  A cyclops skeleton (Crypt:1)
  8 scorpions
  2 snapping turtle simulacra
  A troll zombie (Coc:4)
  19 killer bees
  An elephant simulacrum (IceCv)
  11 electric eels
  A hippogriff skeleton (Crypt:2)
  A troll skeleton (Crypt:3)
  16 wights
  6 howler monkeys
  A wolf zombie (Crypt:1)
  13 crimson imps
  6 centaur zombies
  2 human simulacra
  2 draconian simulacra (IceCv)
  An elf simulacrum (Crypt:3)
  2 giant frog zombies
  37 jellies
  8 hounds
  10 iron imps
  30 orc priests
  Crazy Yiuf (D:5)
  5 giant frog skeletons
  Jessica (D:1)
  13 iguanas
  35 worker ants
  23 orc wizards
  2 spriggan simulacra (IceCv)
  5 hell rats (Hell)
  Terence (D:3)
  2 troll simulacra (IceCv)
  A lightning spire (Zig:7)
  A killer bee zombie (D:10)
  2 polar bear simulacra (IceCv)
  41 sheep
  A tengu zombie (Coc:5)
  3 ogre zombies
  4 centaur simulacra (IceCv)
  A naga skeleton (Coc:7)
  2 hound zombies (D:8)
  68 mummies
  Robin (D:4)
  A howler monkey skeleton (Crypt:1)
  6 ogre simulacra (IceCv)
  3 worker ant zombies
  20 adders
  15 gnolls
  4 naga simulacra (IceCv)
  58 river rats
  A river rat (shapeshifter) (Depths:4)
  3 shadow imps
  48 white imps
  4 adder zombies
  2 adder skeletons
  A lava snake skeleton (Crypt:2)
  4 worms
  2 dart slugs
  9 giant geckos
  122 orcs
  5 giant cockroaches
  15 goblins
  8 hobgoblins
  7 jackals
  7 quokkas
  7 bats
  5 giant newts
  A jackal skeleton (D:4)
  23 kobolds
  An orc skeleton (Crypt:1)
  2 quokka zombies (Crypt:2)
  5 rats
  3 briar patches (Swamp:2)
  A bush (Lair:5)
  5 fungi
  11 plants
  3 withered plants (Crypt:3)
4855 creatures vanquished.

Vanquished Creatures (others)
  A tentacled monstrosity (Zig:11)
  An ancient champion (Tomb:2)
  An eldritch tentacle (Zig:13)
  2 revenants (Tomb:2)
  A fire giant (Depths:3)
  A draconian annihilator (Zot:2)
  3 stone giants
  2 dire elephants (Zig:14)
  A merfolk javelineer (Zig:15)
  3 yaktaur captains
  A deep elf high priest (Depths:3)
  A hydra (Zig:11)
  An ice dragon (Zot:2)
  2 centaur warriors
  An alligator (Swamp:3)
  A spriggan berserker (Depths:3)
  2 deep elf knights (Elf:2)
  9 death scarabs (Tomb:2)
  A deep elf archer (Elf:1)
  A phantasmal warrior (Depths:3)
  2 hornets (Zig:11)
  A water nymph (Zig:15)
  A dire elephant skeleton (Tomb:2)
  A torpor snail (Zig:14)
  A spiny frog (Zig:11)
  A smoke demon (Abyss:3)
  A guardian mummy (Tomb:2)
  3 jumping spiders (Spider:4)
  10 yaktaurs
  A giant leech (Zig:11)
  A snapping turtle (Zig:15)
  25 flying skulls
  A water elemental (Elf:1)
  2 spriggans (Swamp:4)
  An ettin skeleton (Tomb:2)
  A redback (Spider:1)
  An insubstantial wisp (Zig:11)
  A water moccasin (Zig:14)
  A spiny frog skeleton (Coc:4)
  A wasp (Zig:11)
  A swamp drake (Zig:11)
  2 ogres
  A crocodile (Zig:14)
  A human zombie (Tomb:2)
  A quasit (Abyss:3)
  An orc priest (Depths:3)
  A sheep (Lair:5)
  2 mummies (Tomb:2)
  An adder (D:11)
  An orc (D:13)
  A giant cockroach (Lair:5)
  105 eldritch tentacle segments
  21 fungi
  8 lost souls
  40 plants
  2 starspawn tentacles (Abyss:3)
  4 starspawn tentacle segments (Abyss:3)
  8 tentacles
  198 tentacle segments (Abyss:3)
  2 withered plants (Crypt:3)
494 creatures vanquished.

Grand Total: 5349 creatures vanquished

Notes
Turn   | Place    | Note
--------------------------------------------------------------
     0 | D:1      | Peloso the Minotaur Fighter began the quest for the Orb.
     0 | D:1      | Reached XP level 1. HP: 19/19 MP: 0/0
   356 | D:1      | Reached XP level 2. HP: 27/27 MP: 1/1
   759 | D:2      | Reached XP level 3. HP: 21/33 MP: 2/2
   904 | D:2      | Noticed Sigmund
   905 | D:2      | Noticed Jessica
  1281 | D:1      | Killed Jessica
  1281 | D:1      | Reached skill level 1 in Dodging
  1281 | D:1      | Reached XP level 4. HP: 26/40 MP: 3/3
  1385 | D:2      | Killed Sigmund
  1385 | D:2      | Reached skill level 5 in Armour
  1385 | D:2      | Reached XP level 5. HP: 44/46 MP: 4/4
  1821 | D:2      | Reached XP level 6. HP: 52/52 MP: 5/5
  1906 | D:2      | Found a sacrificial altar of Ru.
  2057 | D:3      | Noticed Terence
  2061 | D:3      | Killed Terence
  2181 | D:3      | Reached skill level 5 in Shields
  2502 | D:3      | Reached XP level 7. HP: 19/60 MP: 6/6
  2509 | D:3      | HP: 3/60 [killer bee (2)]
  2993 | D:4      | Found Nera's Antique Armour Shop.
  3238 | D:4      | Found an oddly glowing altar of Pakellas.
  3297 | D:4      | Noticed Eustachio
  3300 | D:4      | Noticed Robin
  3330 | D:4      | Killed Robin
  3365 | D:4      | Killed Eustachio
  3365 | D:4      | Reached skill level 5 in Fighting
  3799 | D:5      | Entered Level 5 of the Dungeon
  3808 | D:5      | Reached skill level 5 in Long Blades
  3911 | D:5      | Reached XP level 8. HP: 66/68 MP: 7/7
  4375 | D:5      | Found a stormy altar of Qazlal.
  4375 | D:5      | Noticed Grinder
  4398 | D:5      | Killed Grinder
  4447 | D:4      | Bought a scorched chain mail for 199 gold pieces
  4458 | D:4      | Identified the +3 chain mail "Zaonimou" {SInv} (You bought it in a shop on level 4 of the Dungeon)
  4588 | D:5      | Noticed Crazy Yiuf
  4592 | D:5      | Killed Crazy Yiuf
  5121 | D:6      | Found a staircase to the Ecumenical Temple.
  5189 | Temple   | Entered the Ecumenical Temple
  5227 | Temple   | Became a worshipper of Warmaster Okawaru
  5648 | D:6      | Reached XP level 9. HP: 75/75 MP: 8/8
  5901 | D:7      | Found a blossoming altar of Fedhas.
  5922 | D:7      | Found Baraisch's Weapon Shoppe.
  6015 | D:7      | Noticed Prince Ribbit
  6216 | D:7      | Killed Prince Ribbit
  6285 | D:7      | Reached * piety under Okawaru
  7101 | D:8      | Found a blossoming altar of Fedhas.
  7193 | D:8      | Reached ** piety under Okawaru
  7435 | D:8      | Noticed Psyche
  7449 | D:8      | Killed Psyche
  7449 | D:8      | Reached XP level 10. HP: 72/86 MP: 9/9
  7603 | D:9      | Found Cethofuj's Antique Armour Boutique.
  7654 | D:9      | Noticed a green ugly thing
  7684 | D:9      | Killed a green ugly thing
  7684 | D:9      | Reached skill level 10 in Armour
  7716 | D:9      | HP: 4/86 [poisoned by a green ugly thing]
  7722 | D:9      | HP: 4/86 [poisoned by a green ugly thing]
  7730 | D:9      | HP: 4/86 [poisoned by a green ugly thing]
  8097 | D:9      | Found Uruosmot's General Store.
  8226 | D:9      | Found a white marble altar of Elyvilon.
  8406 | D:9      | Reached *** piety under Okawaru
  8528 | D:10     | Entered Level 10 of the Dungeon
  8530 | D:10     | Noticed a hill giant
  8546 | D:10     | Reached skill level 10 in Shields
  8566 | D:9      | Killed a hill giant
  8566 | D:9      | Reached skill level 5 in Dodging
  8832 | D:10     | Noticed a five-headed hydra
  9014 | D:11     | Noticed a hill giant
  9030 | D:11     | Killed a hill giant
  9030 | D:11     | Reached **** piety under Okawaru
  9030 | D:11     | Reached skill level 10 in Long Blades
  9274 | D:11     | Noticed a hill giant
  9282 | D:11     | Killed a hill giant
  9282 | D:11     | Reached ***** piety under Okawaru
  9282 | D:11     | Reached skill level 1 in Stealth
  9357 | D:11     | Reached XP level 11. HP: 92/97 MP: 8/10
  9587 | D:11     | Found a staircase to the Lair.
  9613 | D:11     | Noticed Erica
  9620 | D:11     | Noticed a hill giant
  9624 | D:11     | Killed Erica
  9628 | D:11     | Killed a hill giant
  9628 | D:11     | Received a gift from Okawaru
  9915 | D:11     | Found a staircase to the Orcish Mines.
 10982 | D:10     | Killed a two-headed hydra
 11191 | D:10     | Noticed a hill giant
 11202 | D:10     | Killed a hill giant
 11560 | D:12     | Received a gift from Okawaru
 11568 | D:12     | Got a crude cloak {god gift}
 11581 | D:12     | Identified the -4 cloak of Otwub {rC+} (Okawaru gifted it to you on level 12 of the Dungeon)
 11621 | D:12     | Noticed a four-headed hydra
 11625 | D:12     | Killed a one-headed hydra
 11625 | D:12     | Reached skill level 10 in Fighting
 11673 | D:12     | Found a large runed door.
 11673 | D:12     | Found a large runed door.
 11799 | D:12     | Noticed a four-headed hydra
 11807 | D:12     | Killed a one-headed hydra
 11832 | D:12     | Noticed a seven-headed hydra
 11832 | D:12     | Noticed a green ugly thing
 11843 | D:12     | Killed a green ugly thing
 11847 | D:12     | Killed a three-headed hydra
 11847 | D:12     | Reached XP level 12. HP: 33/106 MP: 8/11
 12585 | Lair:1   | Entered Level 1 of the Lair of Beasts
 12630 | Lair:1   | Found a frozen archway.
 12670 | Lair:1   | Found a dark tunnel.
 12690 | Volcano  | Entered a volcano
 13077 | IceCv    | Entered an ice cave
 13086 | IceCv    | Reached skill level 1 in Invocations
 13738 | IceCv    | Found an ancient bone altar of Kikubaaqudgha.
 13752 | IceCv    | Received a gift from Okawaru
 13772 | IceCv    | Got a transparent large shield {god gift}
 13799 | IceCv    | Identified the +0 large shield "Cozxion" {rPois rF- Int+8} (Okawaru gifted it to you in an ice cave)
 15398 | Lair:1   | Got a translucent plate armour
 15665 | Lair:1   | Identified the +4 plate armour of Ru's Esteem {rF+++ Dex+8} (You found it on level 1 of the Lair of Beasts)
 16123 | Lair:2   | Noticed Gastronok
 16137 | Lair:2   | Killed Gastronok
 16137 | Lair:2   | Reached XP level 13. HP: 116/116 MP: 13/13
 16978 | Lair:3   | You fall through a shaft for 2 floors!
 18269 | Lair:4   | Noticed Harold
 18292 | Lair:4   | Killed Harold
 18292 | Lair:4   | Received a gift from Okawaru
 18432 | Lair:5   | Noticed Maud
 18446 | Lair:5   | Killed Maud
 18451 | Lair:5   | Got a jewelled mace
 18452 | Lair:5   | Identified the +6 mace of Broken Luck {crush, rPois Dex+4} (You found it on level 5 of the Lair of Beasts)
 18626 | Lair:5   | Found a hole to the Spider Nest.
 18875 | Lair:5   | Found a shimmering altar of Xom.
 18887 | Lair:5   | Reached skill level 15 in Shields
 19206 | Lair:5   | Received a gift from Okawaru
 19235 | Lair:5   | Got a pair of heavily runed boots {god gift}
 19241 | Lair:5   | Identified the +1 pair of boots "Heralas" {rF+ rN+ Dex-4} (Okawaru gifted it to you on level 5 of the Lair of Beasts)
 20321 | Lair:6   | Reached XP level 14. HP: 123/127 MP: 14/14
 20476 | Lair:6   | Found a staircase to the Swamp.
 20772 | Lair:6   | Found a viscous altar of Jiyva.
 20773 | Lair:6   | Found a staircase to the Slime Pits.
 22292 | Lair:8   | Entered Level 8 of the Lair of Beasts
 22326 | Lair:8   | Reached skill level 15 in Long Blades
 22640 | Lair:8   | Got a dazzling plate armour
 22680 | Lair:8   | Identified the cursed +0 plate armour "Tooh" {rPois rC+ Str+4} (You found it on level 8 of the Lair of Beasts)
 23001 | Lair:8   | Received a gift from Okawaru
 23011 | Lair:8   | Got a brightly glowing scimitar {god gift}
 23012 | Lair:8   | Identified the +9 scimitar of Success {freeze, rN+ MR+ SInv Stlth+} (Okawaru gifted it to you on level 8 of the Lair of Beasts)
 23473 | Lair:8   | Received a gift from Okawaru
 24431 | D:13     | Found a gate to the Vaults.
 24431 | D:13     | Noticed Donald
 24431 | D:13     | Noticed Urug
 24452 | D:12     | Reached XP level 15. HP: 127/137 MP: 15/15
 24519 | D:12     | Killed Donald
 24596 | D:12     | Killed Urug
 25314 | D:13     | Noticed Erolcha
 25322 | D:13     | Killed Erolcha
 25952 | D:14     | Found Jaifoleamm's Antique Armour Shoppe.
 25990 | D:14     | Bought a pair of glowing gloves for 171 gold pieces
 25997 | D:14     | Bought a slimy plate armour for 1064 gold pieces
 26009 | D:14     | Identified the +10 plate armour "Qathe" {rElec rF+ Str+4 Stlth+} (You bought it in a shop on level 14 of the Dungeon)
 26011 | D:14     | Bought a pair of embroidered boots for 171 gold pieces
 26027 | D:14     | Found Nudued's Book Boutique.
 26032 | D:14     | Received a gift from Okawaru
 26978 | D:14     | Found Deiwy's Gadget Emporium.
 27508 | D:14     | Found Weychisa's Food Emporium.
 27843 | D:15     | Entered Level 15 of the Dungeon
 28064 | D:15     | Found a staircase to the Depths.
 28683 | D:15     | Found a basalt altar of Yredelemnul.
 29088 | Orc:1    | Entered Level 1 of the Orcish Mines
 29340 | Orc:2    | Entered Level 2 of the Orcish Mines
 29366 | Orc:1    | Received a gift from Okawaru
 29486 | Orc:2    | Found a staircase to the Elven Halls.
 29523 | Orc:2    | Found Ginaer's Food Boutique.
 29525 | Orc:2    | Found Keniqoz's Food Shop.
 30032 | Orc:2    | Paralysed by an orc sorcerer for 3 turns
 30052 | Orc:2    | Reached XP level 16. HP: 65/147 MP: 16/16
 30163 | Orc:2    | Found Misethric's Book Emporium.
 30163 | Orc:2    | Found Apuen's Antique Armour Shoppe.
 30164 | Orc:2    | Found a one-way gate leading to the halls of Pandemonium.
 31370 | Orc:2    | Bought an encrusted plate armour for 896 gold pieces
 31380 | Orc:2    | Identified the cursed +1 plate armour of Optimism {-Tele Dex+8} (You bought it in a shop on level 2 of the Orcish Mines)
 31382 | Orc:2    | Gained mutation: You are partially covered in thin metallic scales (AC +2). [potion of beneficial mutation]
 31861 | Spider:1 | Entered Level 1 of the Spider Nest
 32540 | Spider:1 | Reached ****** piety under Okawaru
 32571 | Spider:1 | Received a gift from Okawaru
 32577 | Spider:1 | Got a pair of warped gloves {god gift}
 32588 | Spider:1 | Identified the +2 pair of gloves of the Saviour {Regen+} (Okawaru gifted it to you on level 1 of the Spider Nest)
 32622 | Spider:1 | Reached skill level 15 in Fighting
 33934 | Spider:2 | Received a gift from Okawaru
 34848 | Spider:2 | Reached XP level 17. HP: 154/156 MP: 17/17
 35569 | Spider:3 | Reached skill level 15 in Armour
 35953 | Spider:2 | Received a gift from Okawaru
 36469 | Spider:4 | Entered Level 4 of the Spider Nest
 36712 | Spider:4 | Received a gift from Okawaru
 37522 | Spider:4 | Noticed Wiglaf
 37534 | Spider:4 | Killed Wiglaf
 37566 | Spider:4 | Received a gift from Okawaru
 38206 | Spider:4 | Got a gossamer rune of Zot
 39047 | Swamp:1  | Entered Level 1 of the Swamp
 39072 | Swamp:1  | Received a gift from Okawaru
 39075 | Swamp:1  | Got an ancient crystal plate armour {god gift}
 39095 | Swamp:1  | Identified the +0 crystal plate armour of the Worm {rC+ Str+2} (Okawaru gifted it to you on level 1 of the Swamp)
 39171 | Swamp:1  | Reached XP level 18. HP: 166/166 MP: 19/19
 40675 | Swamp:3  | Noticed Nikola
 40706 | Swamp:3  | Killed Nikola
 41083 | Swamp:3  | Noticed Kirke
 41099 | Swamp:3  | Killed Kirke
 41499 | Swamp:4  | Entered Level 4 of the Swamp
 41802 | Swamp:4  | Received a gift from Okawaru
 42198 | Swamp:4  | Noticed the 27-headed Lernaean hydra
 42212 | Swamp:4  | HP: 6/168 [the 23-headed Lernaean hydra (3)]
 42214 | Swamp:4  | Killed the 22-headed Lernaean hydra
 42792 | Swamp:4  | Received a gift from Okawaru
 42810 | Swamp:4  | Got a decaying rune of Zot
 43075 | Swamp:4  | HP: 4/168 [spriggan druid/angry trees (11)]
 44006 | Elf:1    | Entered Level 1 of the Elven Halls
 44184 | Elf:1    | Noticed Asterion
 44202 | Elf:1    | Killed Asterion
 44294 | Elf:1    | Noticed Louise
 44323 | Elf:1    | Killed Louise
 44384 | Elf:1    | Reached XP level 19. HP: 170/174 MP: 20/20
 44461 | Elf:1    | Noticed Agnes
 44472 | Elf:1    | Received a gift from Okawaru
 44516 | Elf:1    | Killed Agnes
 45124 | Elf:2    | Noticed Roxanne
 45247 | Elf:2    | Killed Roxanne
 45489 | Elf:2    | Identified a scroll of acquirement
 45739 | Elf:2    | Noticed Azrael
 45749 | Elf:2    | Killed Azrael
 46036 | Elf:2    | Reached skill level 10 in Dodging
 46052 | Elf:2    | Found a huge runed gate.
 46052 | Elf:2    | Found a huge runed gate.
 46052 | Elf:2    | Found a huge runed gate.
 46898 | Elf:2    | Received a gift from Okawaru
 47053 | Elf:3    | Entered Level 3 of the Elven Halls
 47624 | Elf:3    | Received a gift from Okawaru
 47635 | Elf:3    | Got a pair of faintly glowing boots {god gift}
 47652 | Elf:3    | Identified the +2 pair of boots of Okawaru's Wrath {*Contam rElec rPois Dex+3} (Okawaru gifted it to you on level 3 of the Elven Halls)
 48356 | Elf:3    | Reached XP level 20. HP: 187/187 MP: 21/21
 49201 | Elf:3    | Received a gift from Okawaru
 49384 | Elf:3    | Identified the Incunabulum of Vitriolic Transmigration
 49598 | Elf:3    | Identified the Reference Book on Intoxication and Hexes
 49603 | Elf:3    | Got a polished falchion
 49604 | Elf:3    | Identified the +1 falchion of Tised {drain, -Tele rElec Int+4} (You found it on level 3 of the Elven Halls)
 50145 | Vaults:1 | Entered Level 1 of the Vaults
 50608 | Vaults:1 | Noticed Jorgrun
 50619 | Vaults:1 | Killed Jorgrun
 50747 | Vaults:1 | Received a gift from Okawaru
 51628 | Vaults:2 | Found Dexzifer's Jewellery Emporium.
 51831 | Vaults:2 | Found a roughly hewn altar of Beogh.
 51857 | Vaults:2 | Received a gift from Okawaru
 51980 | Vaults:2 | Cast into level 3 of the Abyss (a deep elf sorcerer)
 51981 | Abyss:3  | Reached XP level 21. HP: 82/195 MP: 22/22
 52058 | Abyss:3  | Gained mutation: Your body sometimes deteriorates upon taking damage. [a neqoxec]
 52090 | Abyss:3  | Got a smelly chain mail
 52163 | Abyss:3  | Received a gift from Okawaru
 52167 | Vaults:2 | Escaped the Abyss
 53598 | Vaults:3 | Noticed Mennas
 53660 | Vaults:3 | Killed Mennas
 53660 | Vaults:3 | Received a gift from Okawaru
 53676 | Vaults:3 | Identified the +7 chain mail of Purarph {Str+2} (You found it on level 3 of the Abyss)
 54051 | Vaults:3 | Found Lis Edap's Gadget Shoppe.
 54075 | Vaults:3 | Found Iryawk's Armour Shop.
 54087 | Vaults:3 | Bought the +3 crown of Dyrovepreva {rElec Int+2 SInv} for 496 gold pieces
 54783 | Vaults:3 | Found a staircase to the Crypt.
 54966 | Vaults:3 | Found Zanotusm's Magic Scroll Emporium.
 55063 | Vaults:3 | Found Fucifedd's Magic Scroll Boutique.
 55141 | Vaults:3 | Found Ubopuhol's Distillery.
 55164 | Vaults:3 | Received a gift from Okawaru
 55218 | Vaults:3 | Bought a potion of heal wounds for 75 gold pieces
 55218 | Vaults:3 | Bought a potion of cure mutation for 375 gold pieces
 55884 | Vaults:4 | Reached XP level 22. HP: 201/206 MP: 23/23
 56844 | Vaults:4 | Found Cohima's Jewellery Boutique.
 56996 | Vaults:4 | Got a twisted hat
 56997 | Vaults:4 | Identified the cursed +0 hat of Midsummer {*Drain rPois Regen+ Slay+2} (You found it on level 4 of the Vaults)
 57003 | Vaults:4 | Found a radiant altar of Vehumet.
 57010 | Vaults:4 | Got a spiked hat
 57021 | Vaults:4 | Identified the +1 hat "Hurav" {rN+} (You found it on level 4 of the Vaults)
 57458 | Vaults:5 | Entered Level 5 of the Vaults
 57469 | Vaults:4 | Received a gift from Okawaru
 58112 | Vaults:5 | Noticed a golden dragon
 58134 | Vaults:4 | Killed a golden dragon
 58134 | Vaults:4 | Received a gift from Okawaru
 58142 | Vaults:4 | Got a shimmering short sword {god gift}
 58997 | Vaults:5 | Noticed an ancient lich
 59299 | Vaults:5 | Killed an ancient lich
 59771 | Vaults:5 | Received a gift from Okawaru
 60108 | Vaults:5 | Noticed Xtahua
 60122 | Vaults:5 | Killed Xtahua
 60125 | Vaults:5 | Reached XP level 23. HP: 137/215 MP: 20/24
 60209 | Vaults:5 | Got an ichor-stained fire dragon armour
 60468 | Vaults:5 | Reached skill level 27 in Shields
 60813 | Vaults:5 | Noticed Boris
 60824 | Vaults:5 | Killed Boris
 61008 | Vaults:5 | Received a gift from Okawaru
 61412 | Vaults:5 | Got a brightly glowing marble ring
 61413 | Vaults:5 | Identified the cursed ring "Weahop" {rF+ Int-3 Slay+2} (You took it off an ironheart preserver on level 5 of the Vaults)
 61426 | Vaults:5 | Identified the cursed +1 fire dragon armour "Udiplit" {rF++ rC- rN+} (You took it off a vault warden on level 5 of the Vaults)
 61581 | Vaults:5 | Got a silver rune of Zot
 61600 | Vaults:5 | Identified the Collected Works on the Lethal Snowflakes (You found it on level 5 of the Vaults)
 61645 | Vaults:5 | Received a gift from Okawaru
 61672 | Vaults:5 | Got a smoking hat {god gift}
 62149 | Vaults:5 | Identified the +2 hat of Reosopei {+Fly rElec rPois rF+} (Okawaru gifted it to you on level 5 of the Vaults)
 62948 | Vaults:5 | Identified the Papyrus of Mutagenic Aid
 63040 | Vaults:5 | Got a clouded diamond amulet
 63041 | Vaults:5 | Identified the amulet of the Eleven Lives {Gourm Int+6} (You found it on level 5 of the Vaults)
 63065 | Vaults:5 | Got a sparkling amber ring
 63066 | Vaults:5 | Identified the ring "Finierip" {rElec MR- AC+4 Dex-2 SInv} (You found it on level 5 of the Vaults)
 63617 | Vaults:3 | Bought a scroll of enchant weapon for 157 gold pieces
 63617 | Vaults:3 | Bought a scroll of teleportation for 63 gold pieces
 65157 | D:4      | You fall through a shaft for 2 floors!
 65384 | D:9      | Bought a scroll of enchant weapon for 105 gold pieces
 66162 | D:14     | Bought a fine chain mail for 361 gold pieces
 66173 | D:14     | Identified the +8 chain mail "Luomuy" {Int+4} (You bought it in a shop on level 14 of the Dungeon)
 66851 | Elf:3    | Reached XP level 24. HP: 228/228 MP: 24/24
 67372 | Crypt:1  | Entered Level 1 of the Crypt
 68869 | Crypt:3  | Entered Level 3 of the Crypt
 69112 | Crypt:3  | Received a gift from Okawaru
 69133 | Crypt:3  | Identified a +0 pair of boots of running (Okawaru gifted it to you on level 3 of the Crypt)
 69319 | Crypt:3  | Reached skill level 27 in Long Blades
 70161 | Crypt:3  | Noticed a greater mummy
 70162 | Crypt:3  | Found a staircase to the Tomb.
 70175 | Crypt:3  | Killed a greater mummy
 70621 | Crypt:3  | Found an ancient bone altar of Kikubaaqudgha.
 70775 | Crypt:3  | Noticed an ancient lich
 70802 | Crypt:3  | Killed an ancient lich
 70802 | Crypt:3  | Reached skill level 1 in Evocations
 70877 | Crypt:3  | Got a smoking wooden ring
 70879 | Crypt:3  | Got a scintillating lead ring
 70897 | Crypt:3  | Identified the ring of Suspicion {*Corrode +Fly rPois rN+ Int+2} (You took it off a necromancer on level 3 of the Crypt)
 70909 | Crypt:3  | Identified the ring of the Ladybird {rElec rN+ MP+9 Dex-3 Stlth+} (You took it off a necromancer on level 3 of the Crypt)
 70995 | Crypt:3  | Got a brightly glowing ruby amulet
 71517 | Vaults:5 | Got a shimmering scale mail {god gift}
 71518 | Vaults:5 | Identified the amulet "Suquacvixot" {Harm *Drain MR++} (You took it off a necromancer on level 3 of the Crypt)
 71532 | Vaults:5 | Identified the +2 scale mail of Orthodoxy {rN+++ MR- Regen+ Stlth+} (Okawaru gifted it to you on level 5 of the Vaults)
 72541 | Lair:6   | Received a gift from Okawaru
 72569 | Lair:6   | Got an encrusted cloak {god gift}
 72580 | Lair:6   | Identified the +3 cloak of Anaesthesia {rC++ Int+4 Slay+2} (Okawaru gifted it to you on level 6 of the Lair of Beasts)
 74014 | D:9      | Bought a glowing cloak for 130 gold pieces
 74766 | Depths:1 | Entered Level 1 of the Depths
 74766 | Depths:1 | Found Loavvis's Distillery.
 74802 | Depths:1 | Reached XP level 25. HP: 232/243 MP: 25/25
 74860 | Depths:1 | Found Siogalig's Food Shop.
 74996 | Depths:1 | Found a one-way gate to the infinite horrors of the Abyss.
 75571 | Depths:1 | Found a sparkling altar of Nemelex Xobeh.
 75676 | Depths:1 | Found a gateway to Hell.
 75883 | Depths:1 | Found a gateway to a ziggurat.
 76607 | Depths:2 | Found Elytercha's Antique Weapon Shop.
 76619 | Depths:2 | Bought an iridescent scimitar for 378 gold pieces
 76619 | Depths:2 | Identified the +8 scimitar "Amoegon" {slice, Str+4} (You bought it in a shop on level 2 of the Depths)
 77353 | Depths:3 | Found a glowing golden altar of the Shining One.
 77393 | Depths:3 | Got a bloodstained plate armour
 77404 | Depths:3 | Identified the +5 plate armour of Guas {rF+ Int+3} (You found it on level 3 of the Depths)
 77425 | Depths:3 | Found a shimmering altar of Xom.
 77608 | Depths:3 | Found a snail-covered altar of Cheibriados.
 78210 | Depths:3 | Noticed Saint Roka
 78243 | Depths:3 | Killed Saint Roka
 78273 | Depths:3 | Received a gift from Okawaru
 78290 | Depths:3 | Got a pair of transparent boots {god gift}
 78309 | Depths:3 | Identified the +2 pair of boots of Qecych {*Confuse +Blink rElec rF++} (Okawaru gifted it to you on level 3 of the Depths)
 78594 | Depths:3 | Found a stormy altar of Qazlal.
 78652 | Depths:3 | Paralysed by a vampire knight for 2 turns
 78691 | Depths:3 | Reached XP level 26. HP: 237/259 MP: 25/25
 79582 | Depths:4 | Found Deudduurr's Antique Armour Emporium.
 80858 | Depths:4 | Received a gift from Okawaru
 80863 | Depths:4 | Got a transparent scimitar {god gift}
 80864 | Depths:4 | Identified the +1 scimitar of Focus {slice, Fragile MR+ Str+3 Int+8} (Okawaru gifted it to you on level 4 of the Depths)
 81007 | Depths:5 | Entered Level 5 of the Depths
 81144 | Depths:5 | Reached skill level 27 in Fighting
 81262 | Depths:5 | Noticed a juggernaut
 81276 | Depths:5 | Killed a juggernaut
 81802 | Depths:5 | Received a gift from Okawaru
 81839 | Depths:5 | Got a brightly glowing scimitar {god gift}
 81840 | Depths:5 | Identified the +7 scimitar of Jeirax {freeze, rElec} (Okawaru gifted it to you on level 5 of the Depths)
 81892 | Depths:5 | Found a gate to the Realm of Zot.
 82135 | Zot:1    | Entered Level 1 of the Realm of Zot
 82213 | Zot:1    | Reached skill level 15 in Dodging
 82438 | Zot:1    | Reached XP level 27. HP: 271/273 MP: 25/25
 82696 | Zot:1    | Received a gift from Okawaru
 83704 | Zot:2    | Received a gift from Okawaru
 84478 | Zot:2    | Got an iridescent morningstar
 84479 | Zot:2    | Identified the +10 morningstar "Noji" {drain, Stlth+} (You found it on level 2 of the Realm of Zot)
 84712 | Zot:3    | Received a gift from Okawaru
 84792 | Zot:3    | Reached skill level 5 in Invocations
 86765 | Zot:5    | Entered Level 5 of the Realm of Zot
 87041 | Zot:5    | Noticed an ancient lich
 87056 | Zot:5    | Noticed an ancient lich
 87060 | Zot:5    | Killed an ancient lich
 87067 | Zot:5    | Killed an ancient lich
 87392 | Zot:5    | Noticed an orb of fire
 87396 | Zot:5    | Gained mutation: Scrolls take you a little longer to read. [an orb of fire]
 87399 | Zot:5    | Gained mutation: You are weak. (Str -2) [an orb of fire]
 87410 | Zot:5    | Gained mutation: You are resistant to hostile enchantments. [an orb of fire]
 87422 | Zot:5    | Killed an orb of fire
 87433 | Zot:5    | Received a gift from Okawaru
 87505 | Zot:5    | Noticed an ancient lich
 87512 | Zot:5    | Killed an ancient lich
 87512 | Zot:5    | Reached skill level 5 in Stealth
 87578 | Zot:5    | Noticed an orb of fire
 87582 | Zot:5    | Gained mutation: You tend to lose your temper in combat. [an orb of fire]
 87592 | Zot:5    | Gained mutation: You have sharp toenails. [an orb of fire]
 87596 | Zot:5    | Killed an orb of fire
 87643 | Zot:5    | Noticed an orb of fire
 87653 | Zot:5    | Noticed an ancient lich
 87654 | Zot:5    | Noticed an orb of fire
 87659 | Zot:5    | Killed an orb of fire
 87660 | Zot:5    | Noticed an ancient lich
 87664 | Zot:5    | Lost mutation: You are weak. (Str -2) [an orb of fire]
 87673 | Zot:5    | Gained mutation: Your magical capacity is low (-10% MP). [an orb of fire]
 87676 | Zot:5    | Killed an ancient lich
 87687 | Zot:5    | Gained mutation: You occasionally shout uncontrollably at your foes. [an orb of fire]
 87697 | Zot:5    | Killed an orb of fire
 87697 | Zot:5    | HP: 13/273 [ancient lich/bolt of negative energy (26)]
 87704 | Zot:5    | Cast into level 5 of the Abyss (an ancient lich)
 87704 | Abyss:5  | Entered Level 5 of the Abyss
 87753 | Abyss:5  | Lost mutation: You tend to lose your temper in combat. [potion of cure mutation]
 87753 | Abyss:5  | Lost mutation: You are resistant to hostile enchantments. [potion of cure mutation]
 87753 | Abyss:5  | Lost mutation: Scrolls take you a little longer to read. [potion of cure mutation]
 87753 | Abyss:5  | Lost mutation: Your magical capacity is low (-10% MP). [potion of cure mutation]
 87753 | Abyss:5  | Lost mutation: You occasionally shout uncontrollably at your foes. [potion of cure mutation]
 87753 | Abyss:5  | Lost mutation: Your body sometimes deteriorates upon taking damage. [potion of cure mutation]
 87768 | Abyss:5  | Found a corrupted altar of Lugonu.
 87812 | Zot:5    | Escaped the Abyss
 87826 | Zot:5    | Killed an ancient lich
 88143 | Zot:5    | Noticed an orb of fire
 88152 | Zot:5    | Killed an orb of fire
 88859 | Zot:5    | Noticed an ancient lich
 88873 | Zot:5    | Killed an ancient lich
 88883 | Zot:5    | Noticed an ancient lich
 88893 | Zot:5    | Killed an ancient lich
 88893 | Zot:5    | Received a gift from Okawaru
 88907 | Zot:5    | Reached skill level 27 in Armour
 88958 | Zot:5    | Noticed an ancient lich
 88975 | Zot:5    | Killed an ancient lich
 89597 | Depths:4 | Bought a twisted scale mail for 324 gold pieces
 89919 | Lair:1   | Identified the +5 scale mail of Ycsaczett {rF+} (You bought it in a shop on level 4 of the Depths)
 90152 | Slime:1  | Entered Level 1 of the Pits of Slime
 90173 | Slime:1  | Reached skill level 5 in Evocations
 91116 | Slime:4  | Noticed Dissolution
 91123 | Slime:4  | Killed Dissolution
 91533 | Slime:2  | Gained mutation: Your body sometimes deteriorates upon taking damage. [a shining eye]
 91847 | Slime:1  | Found a viscous altar of Jiyva.
 92057 | Slime:1  | Gained mutation: You expend magic power (3 MP) to strengthen your wands. [a shining eye]
 92062 | Slime:1  | Received a gift from Okawaru
 92389 | Slime:5  | Gained mutation: You are clumsy. (Dex -2) [a shining eye]
 93412 | Slime:6  | Entered Level 6 of the Pits of Slime
 94507 | Slime:6  | Gained mutation: You are very clumsy. (Dex -4) [a shining eye]
 94842 | Slime:6  | Noticed the Royal Jelly
 94855 | Slime:6  | Killed the Royal Jelly
 95468 | Slime:6  | Paralysed by a great orb of eyes for 6 turns
 95949 | Slime:6  | Got a slimy rune of Zot
 96005 | Slime:6  | Identified the Catalogue of Unstable Curses
 96088 | Slime:6  | Identified Easy Casting
 96484 | Lair:1   | Lost mutation: Your body sometimes deteriorates upon taking damage. [potion of cure mutation]
 96484 | Lair:1   | Lost mutation: You have sharp toenails. [potion of cure mutation]
 96484 | Lair:1   | Lost mutation: You are very clumsy. (Dex -4) [potion of cure mutation]
 97091 | Depths:1 | Bought a potion of haste for 160 gold pieces
 97091 | Depths:1 | Bought a potion of might for 64 gold pieces
 97101 | Depths:1 | Bought a meat ration for 60 gold pieces
 97101 | Depths:1 | Bought a meat ration for 60 gold pieces
 97682 | Depths:4 | Bought a pair of runed boots for 162 gold pieces
 98279 | Hell     | Entered the Vestibule of Hell
 98279 | Hell     | Noticed Geryon
 98545 | Hell     | Killed Geryon
 98554 | Depths:1 | Received a gift from Okawaru
 98920 | Hell     | Noticed Murray
 99079 | Depths:1 | Killed Murray
 99448 | Hell     | Found a gateway to the decaying netherworld of Tartarus.
 99535 | Hell     | Found a gateway to the ashen valley of Gehenna.
 99559 | Hell     | Received a gift from Okawaru
 99563 | Hell     | Got a pair of brightly glowing gloves {god gift}
 99568 | Hell     | Identified the +0 pair of gloves of Fortification {MP+9 Dex+4} (Okawaru gifted it to you in the Vestibule of Hell)
 99802 | Hell     | Found a gateway to the freezing wastes of Cocytus.
 99905 | Hell     | Found a gateway to the Iron City of Dis.
100958 | Tomb:1   | Entered Level 1 of the Tomb of the Ancients
101960 | Tomb:1   | Noticed a greater mummy
102117 | Tomb:1   | Killed a greater mummy
104861 | D:7      | You are sucked into a shaft!
105329 | D:14     | Bought a meat ration for 60 gold pieces
105329 | D:14     | Bought a meat ration for 60 gold pieces
105329 | D:14     | Bought a meat ration for 60 gold pieces
105329 | D:14     | Bought a meat ration for 60 gold pieces
105607 | Orc:2    | Bought a bread ration for 60 gold pieces
105607 | Orc:2    | Bought a bread ration for 60 gold pieces
105607 | Orc:2    | Bought a bread ration for 60 gold pieces
105609 | Orc:2    | Bought a bread ration for 50 gold pieces
105609 | Orc:2    | Bought a bread ration for 50 gold pieces
105609 | Orc:2    | Bought a bread ration for 50 gold pieces
106054 | Elf:3    | Learned a level 6 spell: Statue Form
106803 | Tomb:1   | Gained mutation: You are frail (-10% HP). [mutagenic glow]
107336 | Tomb:1   | Noticed a greater mummy
107337 | Tomb:1   | Received a gift from Okawaru
107347 | Tomb:1   | Killed a greater mummy
107359 | Tomb:1   | Noticed a greater mummy
107362 | Tomb:1   | Killed a greater mummy
107844 | Tomb:1   | Noticed a greater mummy
107852 | Tomb:1   | Killed a greater mummy
107852 | Tomb:1   | Reached skill level 1 in Transmutations
108395 | Tomb:2   | Noticed a greater mummy
108395 | Tomb:2   | Noticed a greater mummy
108760 | Tomb:2   | Noticed a greater mummy
109185 | Tomb:2   | Noticed a greater mummy
109478 | Tomb:1   | Reached skill level 10 in Evocations
109801 | Tomb:1   | Killed a greater mummy
109801 | Tomb:1   | Reached skill level 1 in Spellcasting
109810 | Tomb:1   | Killed a greater mummy
109810 | Tomb:1   | Reached skill level 1 in Earth Magic
109815 | Tomb:1   | Killed a greater mummy
109997 | Tomb:1   | Killed a greater mummy
111032 | Tomb:1   | Noticed a greater mummy
111032 | Tomb:1   | Noticed a greater mummy
111032 | Tomb:1   | Noticed a greater mummy
111033 | Tomb:1   | Noticed a greater mummy
111037 | Tomb:2   | Killed a greater mummy
111043 | Tomb:2   | Killed a greater mummy
111232 | Tomb:1   | Killed a greater mummy
111247 | Tomb:1   | Killed a greater mummy
111292 | Tomb:1   | Noticed a greater mummy
111294 | Tomb:1   | Noticed a greater mummy
111326 | Tomb:1   | Killed a greater mummy
111599 | Tomb:1   | Killed a greater mummy
111613 | Tomb:1   | Noticed a greater mummy
111620 | Tomb:1   | Killed a greater mummy
111620 | Tomb:1   | Reached skill level 10 in Invocations
111660 | Tomb:1   | Noticed a greater mummy
111686 | Tomb:1   | Noticed a greater mummy
111686 | Tomb:1   | Killed a greater mummy
111702 | Tomb:1   | Killed a greater mummy
111989 | Tomb:1   | Noticed a greater mummy
111997 | Tomb:1   | Killed a greater mummy
111997 | Tomb:1   | Received a gift from Okawaru
112018 | Tomb:1   | Noticed a greater mummy
112030 | Tomb:1   | Killed a greater mummy
112061 | Tomb:1   | Noticed a greater mummy
112092 | Tomb:1   | Killed a greater mummy
112153 | Tomb:1   | Noticed a greater mummy
112200 | Tomb:1   | Killed a greater mummy
112231 | Tomb:1   | Noticed a greater mummy
112236 | Tomb:1   | Killed a greater mummy
112243 | Tomb:1   | Noticed a greater mummy
112270 | Tomb:1   | Killed a greater mummy
112690 | Tomb:1   | Noticed a greater mummy
112700 | Tomb:1   | Noticed a greater mummy
112703 | Tomb:1   | Noticed a greater mummy
112704 | Tomb:1   | Killed a greater mummy
112708 | Tomb:1   | Killed a greater mummy
112718 | Tomb:1   | Killed a greater mummy
113362 | Tomb:2   | Received a gift from Okawaru
113796 | Tomb:3   | Entered Level 3 of the Tomb of the Ancients
113814 | Tomb:3   | Noticed an ancient lich
113998 | Tomb:2   | Killed an ancient lich
114019 | Tomb:3   | Noticed a greater mummy
114231 | Tomb:3   | Noticed a greater mummy
114510 | Tomb:3   | Noticed a greater mummy
114717 | Tomb:2   | Lost mutation: You are clumsy. (Dex -2) [miscasting Statue Form]
114739 | Tomb:2   | Gained mutation: You tend to lose your temper in combat. [mutagenic glow]
114769 | Tomb:2   | Killed a greater mummy
115230 | Tomb:2   | Killed a greater mummy
115238 | Tomb:2   | Killed a greater mummy
116147 | Tomb:3   | Identified the Disquisition on Supportive Contamination
116185 | Tomb:3   | Got a serpentine silver amulet
116186 | Tomb:3   | Identified the amulet of the Fifty Runes {Gourm MR++} (You found it on level 3 of the Tomb of the Ancients)
116206 | Tomb:3   | Identified Fip Wyth's Compendium of Dusty Transmutation
116233 | Tomb:3   | Got a translucent long sword
116234 | Tomb:3   | Identified the cursed +0 long sword of Intimidation {freeze, *Noise rC+ rN+ Str+5} (You found it on level 3 of the Tomb of the Ancients)
116362 | Tomb:3   | Noticed a greater mummy
116370 | Tomb:3   | Killed a greater mummy
116682 | Tomb:3   | Noticed a greater mummy
116690 | Tomb:3   | Killed a greater mummy
116690 | Tomb:3   | Received a gift from Okawaru
116822 | Tomb:3   | Noticed a greater mummy
116831 | Tomb:3   | Killed a greater mummy
116933 | Tomb:3   | Noticed a greater mummy
116938 | Tomb:3   | Killed a greater mummy
117026 | Tomb:3   | Noticed Khufu
117030 | Tomb:3   | Noticed a greater mummy
117034 | Tomb:3   | Noticed a greater mummy
117035 | Tomb:3   | Killed Khufu
117037 | Tomb:3   | Reached skill level 10 in Stealth
117452 | Tomb:3   | Killed a greater mummy
117819 | Tomb:3   | Killed a greater mummy
118080 | Tomb:3   | Got a golden rune of Zot
118143 | Tomb:3   | Noticed a greater mummy
118153 | Tomb:3   | Killed a greater mummy
119314 | Lair:1   | Lost mutation: You are frail (-10% HP). [potion of cure mutation]
119314 | Lair:1   | Lost mutation: You are partially covered in thin metallic scales (AC +2). [potion of cure mutation]
119314 | Lair:1   | Lost mutation: You tend to lose your temper in combat. [potion of cure mutation]
119314 | Lair:1   | Lost mutation: You expend magic power (3 MP) to strengthen your wands. [potion of cure mutation]
120328 | Depths:1 | Reached skill level 5 in Transmutations
120609 | Depths:1 | Bought a meat ration for 60 gold pieces
120609 | Depths:1 | Bought a meat ration for 60 gold pieces
120609 | Depths:1 | Bought a bread ration for 60 gold pieces
120609 | Depths:1 | Bought a bread ration for 60 gold pieces
120609 | Depths:1 | Bought a meat ration for 60 gold pieces
120609 | Depths:1 | Bought a bread ration for 60 gold pieces
121362 | Depths:5 | Received a gift from Okawaru
121490 | Coc:1    | Entered Level 1 of Cocytus
122628 | Coc:2    | Gained mutation: Your magical capacity is low (-10% MP). [mutagenic glow]
122648 | Coc:2    | Reached skill level 5 in Earth Magic
123334 | Coc:2    | Reached skill level 5 in Spellcasting
123961 | Coc:3    | Reached skill level 15 in Invocations
124224 | Coc:3    | Received a gift from Okawaru
124519 | Coc:3    | Gained mutation: Scrolls take you a little longer to read. [mutagenic glow]
124565 | Coc:3    | Gained mutation: Armour fits poorly on your strangely shaped body. [mutagenic glow]
125545 | Coc:4    | Received a gift from Okawaru
125548 | Coc:4    | Got a crude long sword {god gift}
125549 | Coc:4    | Identified the +3 long sword "Gebaebicw" {freeze, +Fly rPois MR+ MP-9} (Okawaru gifted it to you on level 4 of Cocytus)
125800 | Coc:4    | Gained mutation: You occasionally shout uncontrollably at your foes. [mutagenic glow]
125830 | Coc:4    | Gained mutation: You are frail (-10% HP). [mutagenic glow]
126583 | Coc:5    | Received a gift from Okawaru
126912 | Coc:5    | Received a gift from Okawaru
127893 | Coc:6    | Received a gift from Okawaru
127903 | Coc:6    | Got a smoking falchion {god gift}
127907 | Coc:6    | Identified the +7 falchion of Cotojil {venom, rF- rC++ MP+9 Stlth+} (Okawaru gifted it to you on level 6 of Cocytus)
128605 | Coc:6    | Received a gift from Okawaru
129155 | Coc:6    | Lost mutation: Armour fits poorly on your strangely shaped body. [potion of cure mutation]
129155 | Coc:6    | Lost mutation: You are frail (-10% HP). [potion of cure mutation]
129155 | Coc:6    | Lost mutation: Your magical capacity is low (-10% MP). [potion of cure mutation]
129155 | Coc:6    | Lost mutation: Scrolls take you a little longer to read. [potion of cure mutation]
129158 | Coc:7    | Entered Level 7 of Cocytus
129744 | Coc:7    | Reached skill level 27 in Dodging
129950 | Coc:7    | Reached skill level 15 in Evocations
130079 | Coc:7    | Received a gift from Okawaru
130084 | Coc:7    | Got a warped cloak {god gift}
130169 | Coc:7    | Identified the +1 cloak "Ishroseni" {rPois rC- Regen+ rCorr} (Okawaru gifted it to you on level 7 of Cocytus)
131040 | Coc:7    | Noticed Antaeus
131071 | Coc:7    | Killed Antaeus
131474 | Coc:7    | Got an icy rune of Zot
132134 | Dis:1    | Entered Level 1 of the Iron City of Dis
132222 | Dis:1    | Received a gift from Okawaru
132231 | Dis:1    | Got a distressingly furry hat {god gift}
132243 | Dis:1    | Identified the +0 hat of the Pits of Slime {Regen+} (Okawaru gifted it to you on level 1 of the Iron City of Dis)
132471 | Dis:1    | Gained mutation: Your flesh is heat resistant. [mutagenic glow]
132501 | Dis:1    | Found a huge runed gate.
132501 | Dis:1    | Found a huge runed gate.
132501 | Dis:1    | Found a huge runed gate.
132501 | Dis:1    | Found a huge runed gate.
132503 | Dis:1    | Gained mutation: Your spells are a little easier to cast, but a little less powerful. [mutagenic glow]
132504 | Dis:1    | Found a huge runed gate.
132505 | Dis:1    | Found a huge runed gate.
132505 | Dis:1    | Found a huge runed gate.
133828 | Zig:1    | Entered Level 1 of a ziggurat
133859 | Zig:2    | Entered Level 2 of a ziggurat
133860 | Zig:2    | Noticed Odoxt the pandemonium lord
133890 | Zig:2    | Killed Odoxt the pandemonium lord
133904 | Zig:3    | Entered Level 3 of a ziggurat
133996 | Zig:4    | Entered Level 4 of a ziggurat
133999 | Zig:4    | Noticed Utesul the pandemonium lord
134033 | Zig:4    | Killed Utesul the pandemonium lord
134237 | Zig:5    | Entered Level 5 of a ziggurat
134295 | Zig:5    | Got a brightly glowing chain mail
134322 | Zig:5    | Identified the +4 chain mail of the Armoured One {Stlth+} (You found it on level 5 of a ziggurat)
134403 | Zig:5    | Reached skill level 1 in Throwing
134403 | Zig:5    | Reached skill level 1 in Unarmed Combat
134409 | Zig:6    | Entered Level 6 of a ziggurat
134415 | Zig:6    | Noticed an ancient lich
134428 | Zig:6    | Killed an ancient lich
134460 | Zig:6    | Got a ring of the Octopus King
134464 | Zig:6    | Identified a ring of the Octopus King {SustAt AC+1 EV+1 Str+1 Int+1 Dex+1} (You found it on level 6 of a ziggurat)
134502 | Zig:7    | Entered Level 7 of a ziggurat
134505 | Zig:7    | Noticed a juggernaut
134519 | Zig:7    | Killed a juggernaut
134519 | Zig:7    | Received a gift from Okawaru
134965 | Zig:8    | Entered Level 8 of a ziggurat
135057 | Zig:8    | Got a citrine-encrusted crystal plate armour
135077 | Zig:8    | Identified the +16 crystal plate armour of the Skies Above {MR++ Str+8 Int-5} (You found it on level 8 of a ziggurat)
135095 | Zig:8    | Got a crude amber ring
135102 | Zig:8    | Identified the ring "Toegoc" {+Fly rPois rF+} (You found it on level 8 of a ziggurat)
135319 | Zig:9    | Entered Level 9 of a ziggurat
135615 | Zig:10   | Entered Level 10 of a ziggurat
135948 | Zig:10   | Identified the Guide on Spatial Summoning
135970 | Zig:11   | Entered Level 11 of a ziggurat
136045 | Zig:11   | Identified the Catalogue of Supportive Attacks
136056 | Zig:11   | Got a faintly glowing great sword
136057 | Zig:11   | Identified the +1 great sword "Ruadaud" {speed, rElec Dex+3} (You found it on level 11 of a ziggurat)
136063 | Zig:11   | Identified the Compendium of Lightness and Cold
136075 | Zig:12   | Entered Level 12 of a ziggurat
136191 | Zig:12   | Got a ring of the Octopus King
136192 | Zig:12   | Identified a ring of the Octopus King {rC+ AC+1 EV+1 Str+1 Int+1 Dex+1} (You found it on level 12 of a ziggurat)
136235 | Zig:13   | Entered Level 13 of a ziggurat
136251 | Zig:13   | Noticed Sezoeqeu the pandemonium lord
136251 | Zig:13   | Noticed Kusay the pandemonium lord
136253 | Zig:13   | Noticed Keyz the pandemonium lord
136253 | Zig:13   | Noticed Upro the pandemonium lord
136268 | Zig:13   | Reached skill level 10 in Transmutations
136299 | Zig:13   | Killed Sezoeqeu the pandemonium lord
136327 | Zig:13   | Killed Kusay the pandemonium lord
136327 | Zig:13   | Received a gift from Okawaru
136355 | Zig:13   | Killed Upro the pandemonium lord
136366 | Zig:13   | Killed Keyz the pandemonium lord
136377 | Zig:13   | Got a pair of dazzling gloves {god gift}
136403 | Zig:13   | Identified the +4 pair of gloves of Limit {rCorr Str-2 Dex+6 Stlth+} (Okawaru gifted it to you on level 13 of a ziggurat)
136501 | Zig:13   | Lost mutation: Your spells are a little easier to cast, but a little less powerful. [potion of cure mutation]
136501 | Zig:13   | Lost mutation: Your flesh is heat resistant. [potion of cure mutation]
136511 | Zig:13   | Identified the Incunabulum of the Unholy Oath
136701 | Zig:14   | Entered Level 14 of a ziggurat
137222 | Zig:14   | Got a pitted platinum ring
137223 | Zig:14   | Identified the ring of Qazlal's Indignation {*Corrode rElec rF+ rC++} (You found it on level 14 of a ziggurat)
137305 | Zig:14   | Got a polished cloak
137318 | Zig:14   | Identified the cursed +0 cloak of Ladders and Snakes {rPois rF+++ rN+ MR-} (You found it on level 14 of a ziggurat)
137351 | Zig:15   | Entered Level 15 of a ziggurat
138658 | Zig:16   | Entered Level 16 of a ziggurat
138669 | Zig:16   | Noticed a juggernaut
138670 | Zig:16   | Noticed a juggernaut
138670 | Zig:16   | Noticed a juggernaut
138678 | Zig:16   | Noticed a juggernaut
138680 | Zig:16   | Noticed a juggernaut
138693 | Zig:16   | Killed a juggernaut
138697 | Zig:16   | Noticed a juggernaut
138699 | Zig:16   | Killed a juggernaut
138712 | Zig:16   | Killed a juggernaut
138718 | Zig:16   | Killed a juggernaut
138722 | Zig:16   | HP: 8/273 [smoke demon/divine providence[an orc high priest] (12)]
138725 | Zig:16   | Noticed a juggernaut
138726 | Zig:16   | Noticed a juggernaut
138736 | Zig:16   | HP: 9/273 [juggernaut (13)]
138736 | Zig:16   | Killed from afar by a smoke demon

Skill      XL: |  1  2  3  4  5  6  7  8  9 10 11 12 13 14 15 16 17 18 19 20 21 22 23 24 25 26 27 |
---------------+----------------------------------------------------------------------------------+-----
Shields        | 4 5 6 7 9 10 12 13 15 16 18 19 21 22 23 24 25 26 27 | 27.0
Armour         | 4 5 6 7 8 9 10 11 12 13 14 15 16 17 18 19 20 21 27 | 27.0
Long Blades    | 3 4 5 6 8 10 11 13 14 16 17 18 19 20 21 22 23 24 26 27 | 27.0
Fighting       | 4 5 6 7 9 10 11 12 13 14 15 16 17 18 19 21 23 25 27 | 27.0
Dodging        | 1 2 3 4 5 6 7 8 9 10 11 12 13 15 27 | 27.0
Stealth        | 1 2 3 12 | 12.6
Invocations    | 1 2 3 4 23 | 23.1
Evocations     | 1 2 16 | 16.6
Transmutations | 10 | 10.5
Spellcasting   | 9 |  9.1
Earth Magic    | 9 |  9.6
Throwing       | 3 |  3.8
Unarmed Combat | 4 |  4.0
Staves         | 3 |  3.9

Action                   |  1- 3 |  4- 6 |  7- 9 | 10-12 | 13-15 | 16-18 | 19-21 | 22-24 | 25-27 || total
-------------------------+-------+-------+-------+-------+-------+-------+-------+-------+-------++-------
Melee: Long sword        |    83 |   112 |   434 |   277 |       |       |       |       |       ||   906
       Headbutt          |    11 |    18 |    90 |   195 |   486 |   494 |   589 |   596 |  2692 ||  5171
       Scimitar          |       |       |       |   624 |  1563 |  1762 |  1789 |  1021 |  3723 || 10482
       Eudemon blade     |       |       |       |       |       |    19 |       |   664 |  2776 ||  3459
       Double sword      |       |       |       |       |       |       |       |       |   991 ||   991
       Great sword       |       |       |       |       |       |       |       |       |     2 ||     2
Invok: Heroism           |       |       |       |    14 |     6 |    11 |    14 |    12 |    45 ||   102
       Finesse           |       |       |       |     2 |       |     2 |       |     1 |     9 ||    14
 Abil: Evoke Flight      |       |       |       |     1 |       |       |       |     1 |     2 ||     4
       Evoke Fog         |       |       |       |       |     1 |       |       |       |       ||     1
Evoke: Wand              |       |       |       |     2 |       |     2 |       |    11 |    24 ||    39
  Use: Potion            |       |     1 |     1 |     1 |     1 |     5 |     4 |     2 |    23 ||    38
       Scroll            |       |       |    10 |    15 |     8 |    14 |    12 |    12 |    57 ||   128
 Stab: Sleeping          |       |       |       |       |       |     2 |     2 |       |       ||     4
       Confused          |       |       |       |       |       |     4 |       |       |       ||     4
       Distracted        |       |       |       |       |       |       |       |       |     4 ||     4
  Eat: Chunk             |     1 |     4 |    17 |    15 |    43 |    29 |    32 |    34 |   233 ||   408
       Fruit             |       |       |       |     9 |     4 |    12 |     5 |     2 |     7 ||    39
       Royal jelly       |       |       |       |     1 |       |       |       |       |     1 ||     2
       Beef jerky        |       |       |       |     4 |       |     8 |       |     5 |     5 ||    22
       Pizza             |       |       |       |     1 |       |       |     2 |     4 |     3 ||    10
       Meat ration       |       |       |       |       |       |       |       |     4 |    23 ||    27
       Bread ration      |       |       |       |       |       |       |       |       |     7 ||     7
Armor: Scale mail        |    67 |    32 |       |       |       |       |       |       |       ||    99
       Plate armour      |       |    30 |   102 |     7 |   560 |  1063 |   612 |   554 |   723 ||  3651
       Chain mail        |       |       |    86 |   273 |       |       |       |       |       ||   359
       Crystal plate arm |       |       |       |       |       |       |       |       |  1719 ||  1719
Dodge: Dodged            |    23 |    53 |   140 |   307 |   402 |   722 |   620 |   474 |  3076 ||  5817
Block: Shield            |    55 |    86 |   263 |   416 |   441 |   119 |  1812 |  1635 |  9188 || 14015
       Large shield      |       |       |       |   126 |  1043 |  2347 |       |       |       ||  3516
       Reflection        |       |       |       |       |    26 |       |       |    26 |   217 ||   269
       Other             |       |       |       |       |       |       |       |       |     4 ||     4
